[Event "Titled Tuesday Blitz July 18 Late 2023"]
[White "Shapiro, Daniel"]
[Black "Mendez Fortes, Eduardo Jesus"]
[WhiteFideId "2001780"]
[BlackFideId "3502376"]
[WhiteElo "2356"]
[BlackElo "2644"]
[Result "0-1"]
[Round "2"]
[TimeControl "180+2"]
[Date "2023.07.18"]
[WhiteClock "0:00:00"]
[BlackClock "0:00:14"]
[Board "81"]

1. d4 Nf6 2. c4 e6 3. g3 d5 4. Nf3 dxc4 5. Bg2 a6 6. O-O Nc6 7. e3 Rb8 8. Qe2 b5 9. b3 cxb3 10. axb3 Bb7 11. Bb2 Nb4 12. Nbd2 Bd6 13. e4 Be7 14. Rfd1 O-O 15. Rac1 Rc8 16. Ne5 Qd6 17. Nxf7 Rxf7 18. e5 Qb6 19. exf6 Bxf6 20. Bxb7 Qxb7 21. Ne4 Re8 22. Nc5 Qb6 23. Bc3 Nd5 24. Be1 Rfe7 25. Ra1 Ra8 26. b4 Qc6 27. Qe4 e5 28. dxe5 Rxe5 29. Qg2 Rxe1+ 30. Rxe1 Bxa1 31. Rxa1 Nxb4 32. Qxc6 Nxc6 33. Rxa6 Rxa6 34. Nxa6 b4 35. Nxc7 b3 36. Nd5 Nd4 37. Kf1 Kf7 38. Nc3 Ke6 39. h4 Kf5 40. Ke1 Kg4 41. Kd2 Kf3 42. Kd3 Nf5 43. Nd1 h5 44. Kd2 Nh6 45. Kc3 Ng4 46. Kxb3 Nxf2 47. Nc3 Kxg3 48. Kc2 Kxh4 49. Kd2 Kg3 50. Ke2 Kg2 51. Nd5 g5 52. Nf6 h4 53. Nh5 h3 0-1


[Site "https://www.chess.com"]

[Event "Titled Tuesday Blitz July 18 Late 2023"]
[White "Adireddy Arjun"]
[Black "Ballester Llagaria, Luis Eduardo"]
[WhiteFideId "25647709"]
[BlackFideId "2297620"]
[WhiteElo "2347"]
[BlackElo "2620"]
[Result "1-0"]
[Round "2"]
[TimeControl "180+2"]
[Date "2023.07.18"]
[WhiteClock "0:00:08"]
[BlackClock "0:00:00"]
[Board "82"]

1. Nf3 d5 2. g3 Bg4 3. Bg2 c6 4. O-O Nd7 5. d4 Ngf6 6. h3 Bxf3 7. Bxf3 e5 8. dxe5 Nxe5 9. Bg2 Bd6 10. b3 O-O 11. Bb2 Qe7 12. Nd2 Rfe8 13. e3 a5 14. a4 Rad8 15. Qe2 h6 16. Rad1 Ba3 17. Ba1 Bd6 18. Bb2 Qc7 19. Nf3 Ne4 20. Nd4 Ng6 21. Nf3 Qe7 22. Nd4 Qg5 23. Nf3 Nxg3 24. fxg3 Qxg3 25. Qf2 Rxe3 26. Qxe3 Nf4 27. Rf2 Nxh3+ 28. Kf1 Nxf2 29. Qxf2 Qg4 30. Qd4 Qg6 31. Qd3 f5 32. Re1 Rf8 33. Re2 Bg3 34. Ne5 Qh5 35. Qxg3 f4 36. Qf3 Qf5 37. Nd3 g5 38. Re7 Rf7 39. Rxf7 Kxf7 40. Qh5+ Ke7 41. Qxh6 f3 42. Bh3 g4 43. Qh4+ Kd6 44. Qxg4 Qf7 45. Qe6+ Qxe6 46. Bxe6 Kxe6 47. Nc5+ Kd6 48. Nxb7+ 1-0


[Site "https://www.chess.com"]

[Event "Titled Tuesday Blitz July 18 Late 2023"]
[White "Arabidze, Meri"]
[Black "Gomes, Luiz Alexandre de Souza"]
[WhiteFideId "13604040"]
[BlackFideId "2102790"]
[WhiteElo "2620"]
[BlackElo "2336"]
[Result "0-1"]
[Round "2"]
[TimeControl "180+2"]
[Date "2023.07.18"]
[WhiteClock "0:00:34"]
[BlackClock "0:02:03"]
[Board "83"]

1. b3 d6 2. Bb2 e5 3. c4 g6 4. g3 Bg7 5. Bg2 c6 6. e3 Ne7 7. d4 O-O 8. Ne2 Bg4 9. h3 Bxe2 10. Qxe2 exd4 11. exd4 Nf5 12. O-O Nxd4 13. Qd2 Nf5 14. Bxg7 Kxg7 15. Nc3 Na6 16. Rad1 Re8 17. g4 Nh4 18. Qxd6 Qxd6 19. Rxd6 Nxg2 20. Kxg2 Rad8 21. Rfd1 Rxd6 22. Rxd6 Re7 23. g5 h6 24. h4 hxg5 25. hxg5 Nc5 26. Kg3 a5 27. Kg4 Re1 28. f4 Re3 29. Na4 Ne4 30. Rd7 Nf2+ 31. Kh4 Rh3# 0-1


[Site "https://www.chess.com"]

[Event "Titled Tuesday Blitz July 18 Late 2023"]
[White "Real_taiatai"]
[Black "Zavgorodniy, Sergiy"]
[BlackFideId "14110148"]
[WhiteElo "2326"]
[BlackElo "2619"]
[Result "1-0"]
[Round "2"]
[TimeControl "180+2"]
[Date "2023.07.18"]
[WhiteClock "0:00:30"]
[BlackClock "0:00:14"]
[Board "84"]

1. d4 d5 2. c4 dxc4 3. e3 Nf6 4. Bxc4 e6 5. Nf3 a6 6. a4 c5 7. O-O Nc6 8. Nc3 cxd4 9. exd4 Nb4 10. Bg5 Be7 11. Re1 O-O 12. Rc1 Nfd5 13. Bd2 b6 14. Ne5 Bb7 15. Qg4 Rc8 16. Bh6 Bf6 17. Ne4 Kh8 18. Bg5 Bxg5 19. Nxg5 Qe7 20. Qh5 Nf6 21. Nexf7+ Kg8 22. Qh3 Rxc4 23. Rxc4 Rxf7 24. Rxe6 Qf8 25. Nxf7 Qxf7 26. Rxb4 Bc8 27. Rbxb6 Bxe6 28. Qxe6 Qxe6 29. Rxe6 a5 30. Ra6 Kf7 31. Rxa5 Ne4 32. Ra7+ Kf6 33. f3 Nd6 34. Ra6 Ke7 35. Rxd6 Kxd6 36. b4 Kd5 37. Kf2 Kxd4 38. a5 Kd5 39. a6 Kc6 40. b5+ Kb6 41. Ke3 g6 42. Kd4 h6 43. Ke5 g5 44. Kf5 Kxb5 45. a7 g4 46. a8=Q g3 47. hxg3 h5 48. Qe4 h4 49. Qxh4 Kc5 50. Qe4 Kd6 51. g4 Kd7 52. g5 Kd6 53. g6 Kc5 54. g7 Kd6 55. g8=Q Kc7 56. Qge6 Kd8 57. Q4d5+ Kc7 58. Qec6+ Kb8 59. Qb7# 1-0


[Site "https://www.chess.com"]

[Event "Titled Tuesday Blitz July 18 Late 2023"]
[White "Rostomyan, Mikayel"]
[Black "Santos, Rafael Ventura Dos"]
[WhiteFideId "13313754"]
[BlackFideId "2122227"]
[WhiteElo "2615"]
[BlackElo "2300"]
[Result "1-0"]
[Round "2"]
[TimeControl "180+2"]
[Date "2023.07.18"]
[WhiteClock "0:01:19"]
[BlackClock "0:00:00"]
[Board "85"]

1. d4 Nf6 2. Nf3 e6 3. c4 d5 4. g3 Bb4+ 5. Bd2 a5 6. Bg2 O-O 7. O-O dxc4 8. Qc1 b5 9. a4 Bxd2 10. Qxd2 c6 11. Ne5 Nd5 12. Nc3 Ba6 13. axb5 cxb5 14. Nxd5 exd5 15. Rxa5 f6 16. Ng4 Nc6 17. Raa1 Bb7 18. Rxa8 Bxa8 19. Ne3 Ne7 20. Qb4 Qd7 21. Ra1 Kh8 22. Ra5 Rb8 23. Qc5 h6 24. h4 b4 25. Ra7 Bb7 26. Qxb4 Nc6 27. Qb5 Qc7 28. Rxb7 Rxb7 29. Qxd5 Na5 30. Qe6 Rb8 31. Be4 Qb6 32. Qf5 Kg8 33. Nd5 1-0


[Site "https://www.chess.com"]

[Event "Titled Tuesday Blitz July 18 Late 2023"]
[White "Manon-og, Ramon Jr."]
[Black "Chen, Justin"]
[WhiteFideId "5200776"]
[BlackFideId "2098199"]
[WhiteElo "2299"]
[BlackElo "2615"]
[Result "1-0"]
[Round "2"]
[TimeControl "180+2"]
[Date "2023.07.18"]
[WhiteClock "0:01:11"]
[BlackClock "0:00:00"]
[Board "86"]

1. e4 e5 2. Nf3 Nc6 3. Bc4 Bc5 4. c3 Nf6 5. d4 exd4 6. e5 d5 7. Bb5 Ne4 8. cxd4 Bb6 9. Nc3 O-O 10. Be3 Ne7 11. h3 Bf5 12. O-O f6 13. exf6 Rxf6 14. Ne5 c6 15. Bd3 Nxc3 16. bxc3 Bxd3 17. Qxd3 Nf5 18. Bg5 Bc7 19. f4 Nd6 20. Ng4 Ne4 21. Bxf6 gxf6 22. Nf2 f5 23. Nxe4 fxe4 24. Qg3+ Kh8 25. Qg4 Qf6 26. Qd7 Bd6 27. Qxb7 Rg8 28. Qxc6 Qg7 29. g4 Qe7 30. Qxd5 e3 31. Rae1 Re8 32. Rf3 e2 33. Rf2 Qh4 34. Qf3 Bxf4 35. Rexe2 Bg3 36. Rxe8+ 1-0


[Site "https://www.chess.com"]

[Event "Titled Tuesday Blitz July 18 Late 2023"]
[White "BrandonJiang123456"]
[Black "Karaoglan, Doruk"]
[BlackFideId "6390927"]
[WhiteElo "2278"]
[BlackElo "2611"]
[Result "0-1"]
[Round "2"]
[TimeControl "180+2"]
[Date "2023.07.18"]
[WhiteClock "0:00:09"]
[BlackClock "0:01:58"]
[Board "87"]

1. e4 c5 2. Nf3 d6 3. Bb5+ Nd7 4. d4 cxd4 5. Qxd4 a6 6. Bxd7+ Bxd7 7. Nc3 e5 8. Qd3 h6 9. Nd2 Rc8 10. Nc4 Be6 11. Ne3 Nf6 12. O-O Be7 13. a4 O-O 14. Rd1 Nh5 15. Ned5 Bg5 16. Qf3 g6 17. g4 Bxc1 18. Raxc1 Qg5 19. h3 f5 20. exf5 gxf5 21. Qg2 fxg4 22. hxg4 Bxg4 23. Ne7+ Kh8 24. Nxc8 Nf4 25. Qg3 Nh3+ 26. Kg2 Rxf2+ 27. Qxf2 Nxf2 28. Rg1 Nh3 29. Kh2 Nxg1 30. Rxg1 Qh4+ 31. Kg2 Bxc8 32. Rf1 Bh3+ 0-1


[Site "https://www.chess.com"]

[Event "Titled Tuesday Blitz July 18 Late 2023"]
[White "David, Bogdan-Emanuel"]
[Black "SicilianPanzer"]
[WhiteFideId "1229907"]
[WhiteElo "2610"]
[BlackElo "2278"]
[Result "1-0"]
[Round "2"]
[TimeControl "180+2"]
[Date "2023.07.18"]
[WhiteClock "0:00:06"]
[BlackClock "0:00:00"]
[Board "88"]

1. e4 c5 2. Nc3 Nc6 3. Bb5 Nd4 4. Nf3 e6 5. O-O a6 6. Bd3 Nc6 7. Re1 g5 8. Re3 Bg7 9. Bf1 h5 10. h4 g4 11. Ne1 Qxh4 12. Ne2 Nge7 13. c3 d5 14. d4 c4 15. Ng3 Qf6 16. exd5 exd5 17. b3 h4 18. Ne2 Be6 19. Rb1 Bh6 20. bxc4 Bxe3 21. Bxe3 O-O-O 22. Qb3 Rd7 23. c5 Nf5 24. Nf4 g3 25. Qb6 Qd8 26. Qb2 Nxe3 27. fxe3 Qc7 28. Nf3 h3 29. gxh3 Bf5 30. Re1 Be4 31. Bg2 f6 32. Nd2 Bxg2 33. Kxg2 Rdh7 34. Nf3 Ne7 35. Qc2 Qd7 36. Rh1 Qf5 37. Qxf5+ Nxf5 38. Nxd5 Rd8 39. Nxf6 Nxe3+ 40. Kxg3 Rf7 41. Ng4 Rdf8 42. Nfe5 Nf5+ 43. Kg2 Nh4+ 44. Kg3 Nf5+ 45. Kh2 Rh7 46. Rf1 1-0


[Site "https://www.chess.com"]

[Event "Titled Tuesday Blitz July 18 Late 2023"]
[White "Chemin, Justo Reinaldo"]
[Black "Leon Oquendo, Jorge"]
[WhiteFideId "2101580"]
[BlackFideId "3514803"]
[WhiteElo "2274"]
[BlackElo "2610"]
[Result "0-1"]
[Round "2"]
[TimeControl "180+2"]
[Date "2023.07.18"]
[WhiteClock "0:00:00"]
[BlackClock "0:00:19"]
[Board "89"]

1. e4 c5 2. Nf3 d6 3. d4 cxd4 4. Nxd4 Nf6 5. Nc3 Nc6 6. Be3 Ng4 7. Qe2 Nxe3 8. Qxe3 g6 9. O-O-O Bg7 10. Nb3 O-O 11. h4 a5 12. a4 Be6 13. h5 Nb4 14. hxg6 fxg6 15. f4 Rc8 16. f5 Bxb3 17. cxb3 Bxc3 18. Bc4+ Rxc4 19. bxc4 Bg7 20. fxg6 Qc8 21. b3 hxg6 22. Qg5 Qe6 23. Qh4 Rf6 24. Qh7+ Kf7 25. Rhf1 Qe5 26. Rxf6+ exf6 27. Qh3 Qa1+ 28. Kd2 Qb2+ 29. Ke1 Nc2+ 30. Kd2 Nd4+ 31. Ke3 f5 32. exf5 Qe2+ 33. Kf4 Qxd1 34. fxg6+ Kxg6 35. Qg3+ Kf7 0-1


[Site "https://www.chess.com"]

[Event "Titled Tuesday Blitz July 18 Late 2023"]
[White "Thiel, Thomas"]
[Black "Gaitan, Juan Manuel"]
[WhiteFideId "4615964"]
[BlackFideId "121657"]
[WhiteElo "2257"]
[BlackElo "2610"]
[Result "0-1"]
[Round "2"]
[TimeControl "180+2"]
[Date "2023.07.18"]
[WhiteClock "0:00:00"]
[BlackClock "0:00:41"]
[Board "90"]

1. e4 e6 2. d4 d5 3. Nc3 Nf6 4. Bg5 Bb4 5. e5 h6 6. Bd2 Bxc3 7. bxc3 Ne4 8. Bc1 c5 9. Ne2 Nc6 10. f3 Ng5 11. Ng3 Qa5 12. Bd2 Qa4 13. Nh5 Kf8 14. Qb1 a6 15. dxc5 Nxe5 16. Qb3 Qh4+ 17. Ng3 Ngxf3+ 18. gxf3 Nxf3+ 19. Kd1 Nxd2 20. Kxd2 Qf4+ 21. Kd1 e5 22. Be2 Qe3 23. Qxd5 Be6 24. Qd6+ Ke8 25. Re1 Qxc3 26. Bb5+ axb5 27. Qxe5 Rd8+ 28. Kc1 Qd2+ 29. Kb1 Rd5 30. Qe3 Qb4+ 31. Kc1 Qxc5 32. Qxc5 Rxc5 33. Ne4 Rc6 34. a4 b4 35. Kb2 Ke7 36. Rad1 Rhc8 37. Rd2 Ra8 38. Ra1 Ra5 0-1


[Site "https://www.chess.com"]

[Event "Titled Tuesday Blitz July 18 Late 2023"]
[White "HamedWafa4"]
[Black "Doluhanova, Evgeniya"]
[BlackFideId "14112035"]
[WhiteElo "2605"]
[BlackElo "2253"]
[Result "1-0"]
[Round "2"]
[TimeControl "180+2"]
[Date "2023.07.18"]
[WhiteClock "0:00:11"]
[BlackClock "0:00:07"]
[Board "91"]

1. e4 c5 2. Nf3 d6 3. Bb5+ Bd7 4. Bxd7+ Qxd7 5. O-O Nc6 6. c3 g6 7. d4 cxd4 8. cxd4 Bg7 9. Nc3 Nf6 10. Re1 O-O 11. h3 Rac8 12. Be3 b6 13. Rc1 Rfd8 14. Qd2 Na5 15. b3 Rc7 16. Qd3 Rdc8 17. Ne2 e5 18. dxe5 dxe5 19. Rxc7 Rxc7 20. Qb1 Qe6 21. Rd1 h6 22. Ng3 Nb7 23. Rc1 Rxc1+ 24. Qxc1 Nd6 25. Bxh6 Nfxe4 26. Nxe4 Nxe4 27. Bxg7 Kxg7 28. Qe3 f5 29. Qd3 Nc5 30. Qc3 Kf6 31. h4 Qd5 32. Qc1 f4 33. Ng5 Qd4 34. Qe1 Nd3 35. Qe2 Kf5 36. Nf3 Qe4 37. Qd2 Nc5 38. Qd8 Ne6 39. Qe7 Qb1+ 40. Kh2 g5 41. Qf7+ Ke4 42. Qh7+ 1-0


[Site "https://www.chess.com"]

[Event "Titled Tuesday Blitz July 18 Late 2023"]
[White "Piesik, Piotr"]
[Black "disciplinedbrat"]
[WhiteFideId "1136194"]
[WhiteElo "2605"]
[BlackElo "2229"]
[Result "1-0"]
[Round "2"]
[TimeControl "180+2"]
[Date "2023.07.18"]
[WhiteClock "0:00:37"]
[BlackClock "0:00:11"]
[Board "92"]

1. Nf3 Nf6 2. g3 b6 3. Bg2 Bb7 4. O-O g6 5. c4 Bg7 6. Nc3 O-O 7. d3 c5 8. e4 d6 9. Ne1 Nc6 10. f4 Nd4 11. Be3 e5 12. f5 Qc7 13. g4 h5 14. h3 gxf5 15. g5 Ng4 16. hxg4 fxg4 17. Nd5 Bxd5 18. exd5 Qe7 19. Be4 f5 20. gxf6 Rxf6 21. Rxf6 Qxf6 22. Bxd4 exd4 23. Ng2 Rf8 24. Qe2 Qg5 25. Rf1 Bf6 26. Bf5 Be5 27. Be6+ Kg7 28. Rxf8 Kxf8 29. Qf2+ Bf6 30. Qf4 Ke7 31. Kf2 Qg7 32. Qf5 g3+ 33. Kf3 h4 34. Nf4 g2 35. Ng6+ Kd8 36. Kxg2 h3+ 37. Kxh3 Qh6+ 38. Kg4 Be5 39. Qg5+ Qxg5+ 40. Kxg5 Bg3 41. Kf5 Be1 42. Kf6 Bg3 43. Bf5 a6 44. Ke6 b5 45. Nh8 bxc4 46. dxc4 Kc7 47. Nf7 Bh2 48. Bd3 a5 49. Ke7 Bg3 50. Nh6 Bh4+ 51. Ke6 Bg3 52. Nf5 Bh2 53. Ng7 Be5 54. Ne8+ Kd8 55. Nxd6 Bf4 56. Nb7+ Kc7 57. Nxc5 Kb6 1-0


[Site "https://www.chess.com"]

[Event "Titled Tuesday Blitz July 18 Late 2023"]
[White "Francisco_Ferrari"]
[Black "Pinheiro, Iung Alicio de O."]
[BlackFideId "2104350"]
[WhiteElo "2180"]
[BlackElo "2605"]
[Result "1-0"]
[Round "2"]
[TimeControl "180+2"]
[Date "2023.07.18"]
[WhiteClock "0:00:09"]
[BlackClock "0:00:00"]
[Board "93"]

1. Nf3 d5 2. d4 Nf6 3. e3 c5 4. Bd3 Nc6 5. O-O cxd4 6. exd4 Bg4 7. c3 e6 8. Nbd2 Bd6 9. Re1 Qc7 10. Be2 Ne4 11. Nxe4 dxe4 12. Ne5 Bf5 13. f4 exf3 14. Nxf3 O-O 15. Bd3 Bxd3 16. Qxd3 Rab8 17. Ng5 g6 18. Qh3 h5 19. g4 Bf4 20. gxh5 Bxc1 21. hxg6 fxg6 22. Qxe6+ Kg7 23. Raxc1 Qf4 24. Qd7+ Kh6 25. Ne6 Qf2+ 26. Kh1 Rf7 27. Qd6 Qf3+ 28. Kg1 Rf6 29. Qg3 Qxg3+ 30. hxg3 Re8 31. Nf4 Ref8 32. d5 Nb8 33. Kg2 Nd7 34. Rh1+ Kg7 35. Ne6+ Kg8 36. Nxf8 Nxf8 37. Rcf1 Ra6 38. Rf2 Nd7 39. Rhf1 Ne5 40. Rf6 Rxa2 41. Re6 Rxb2+ 42. Rf2 Rxf2+ 43. Kxf2 Nd3+ 44. Ke3 Nc5 45. Rxg6+ Kf7 46. Rg4 a5 47. Rc4 b6 48. Kd4 a4 49. Rb4 a3 50. Rb1 a2 51. Ra1 1-0


[Site "https://www.chess.com"]

[Event "Titled Tuesday Blitz July 18 Late 2023"]
[White "Belov, Alexei"]
[Black "Viasus, Juan Diego"]
[WhiteFideId "4128206"]
[BlackFideId "4464346"]
[WhiteElo "2603"]
[BlackElo "1500"]
[Result "1-0"]
[Round "2"]
[TimeControl "180+2"]
[Date "2023.07.18"]
[WhiteClock "0:02:43"]
[BlackClock "0:02:34"]
[Board "94"]

1. e4 c5 2. Nf3 Nc6 3. d4 cxd4 4. Nxd4 g6 5. c4 Bg7 6. Be3 Nf6 7. Nc3 O-O 8. Be2 d6 9. O-O Bd7 10. Qd2 Nxd4 11. Bxd4 Bc6 12. f3 a5 13. b3 Nd7 14. Be3 a4 15. Rab1 axb3 16. axb3 Qa5 17. b4 Qa2 18. Nxa2 1-0


[Site "https://www.chess.com"]

[Event "Titled Tuesday Blitz July 18 Late 2023"]
[White "D`Arruda, Ricardo D."]
[Black "Naroditsky, Daniel"]
[WhiteFideId "100692"]
[BlackFideId "2026961"]
[WhiteElo "2510"]
[BlackElo "3133"]
[Result "0-1"]
[Round "2"]
[TimeControl "180+2"]
[Date "2023.07.18"]
[WhiteClock "0:00:56"]
[BlackClock "0:01:26"]
[Board "95"]

1. d4 Nf6 2. Nf3 g6 3. Nc3 d5 4. Bg5 Bg7 5. Bxf6 Bxf6 6. e4 dxe4 7. Nxe4 Bg7 8. Bc4 O-O 9. O-O b6 10. Qe2 Bb7 11. Rad1 e6 12. Rfe1 Nd7 13. Ne5 Nxe5 14. dxe5 Qe7 15. Bd3 Bxe5 16. c3 Rad8 17. Ba6 Ba8 18. f3 Qh4 19. g3 Qe7 20. Nf2 Bg7 21. Bd3 Bd5 22. a3 Qc5 23. Be4 Bb3 24. Rxd8 Rxd8 25. Bc2 Bc4 26. Qe3 Qxe3 27. Rxe3 Rd2 28. Bd3 Bxd3 29. Nxd3 c5 30. Kf1 c4 31. Ne5 Bxe5 32. Rxe5 Rxb2 33. Re4 b5 34. Re5 Rb3 35. Ke2 a6 36. a4 Rxc3 37. axb5 axb5 38. Rxb5 Rc2+ 39. Ke3 Rxh2 40. Rc5 Rc2 0-1


[Site "https://www.chess.com"]

[Event "Titled Tuesday Blitz July 18 Late 2023"]
[White "Bortnyk, Mykola"]
[Black "Keleberda, Tymur"]
[WhiteFideId "14120836"]
[BlackFideId "14174294"]
[WhiteElo "3034"]
[BlackElo "2505"]
[Result "1-0"]
[Round "2"]
[TimeControl "180+2"]
[Date "2023.07.18"]
[WhiteClock "0:01:32"]
[BlackClock "0:00:27"]
[Board "96"]

1. e4 c5 2. c3 d5 3. exd5 Qxd5 4. d4 cxd4 5. cxd4 Nc6 6. Nf3 e5 7. Nc3 Bb4 8. dxe5 Qxd1+ 9. Kxd1 Bxc3 10. bxc3 Bg4 11. Kc2 Nge7 12. Rb1 Bf5+ 13. Bd3 Bxd3+ 14. Kxd3 O-O-O+ 15. Kc2 Ng6 16. Re1 Rhe8 17. Rb5 Kc7 18. Ba3 a6 19. Bd6+ Kc8 20. Rc5 f6 21. Re3 fxe5 22. Bxe5 Nxe5 23. Nxe5 Kc7 24. Nxc6 bxc6 25. Rce5 Rxe5 26. Rxe5 Rd7 27. a4 Kd6 28. Ra5 Ra7 29. Kd3 g6 30. h4 Kc7 31. h5 Kb6 32. Rg5 gxh5 33. a5+ Kb7 34. Rg7+ Ka8 35. Rxa7+ Kxa7 36. Kd4 Kb8 37. Ke5 Kc7 38. Ke6 h4 39. c4 h6 40. Ke7 1-0


[Site "https://www.chess.com"]

[Event "Titled Tuesday Blitz July 18 Late 2023"]
[White "Delorme, Axel"]
[Black "Rustemov, Alexander"]
[WhiteFideId "632023"]
[BlackFideId "4119002"]
[WhiteElo "2427"]
[BlackElo "2875"]
[Result "0-1"]
[Round "2"]
[TimeControl "180+2"]
[Date "2023.07.18"]
[WhiteClock "0:00:15"]
[BlackClock "0:01:56"]
[Board "97"]

1. e4 e6 2. d4 d5 3. Nc3 dxe4 4. Nxe4 Bd7 5. Nf3 Bc6 6. Bd3 Nd7 7. Be3 Ngf6 8. Nxf6+ Qxf6 9. Be2 Bd6 10. Qd2 O-O 11. O-O-O Qe7 12. h4 Rad8 13. h5 h6 14. g4 Nf6 15. Rdg1 Ne4 16. Qe1 f6 17. Nh4 Rfe8 18. Ng6 Qf7 19. f3 Ng5 20. Qf1 e5 21. dxe5 Bxe5 22. Nxe5 Rxe5 23. Bf4 Rxe2 24. Qxe2 Qxa2 25. c4 Ba4 0-1


[Site "https://www.chess.com"]

[Event "Titled Tuesday Blitz July 18 Late 2023"]
[White "Liu, Casper"]
[Black "Meshkovs, Nikita"]
[WhiteFideId "1454153"]
[BlackFideId "11602740"]
[WhiteElo "2471"]
[BlackElo "2736"]
[Result "0-1"]
[Round "2"]
[TimeControl "180+2"]
[Date "2023.07.18"]
[WhiteClock "0:01:29"]
[BlackClock "0:01:26"]
[Board "98"]

1. e4 e5 2. d4 exd4 3. Qxd4 Nc6 4. Qe3 Nf6 5. Nc3 Bb4 6. Bd2 O-O 7. O-O-O Re8 8. Qf4 d6 9. f3 Be6 10. h4 Nd7 11. Nh3 Bxh3 12. Rxh3 Nde5 13. h5 h6 14. Rg3 Kh8 15. Rxg7 Kxg7 16. Qxh6+ Kg8 17. Bg5 Re6 18. Bxd8 Rxh6 19. Bxc7 Bxc3 20. bxc3 Rc8 21. Bxd6 Rd8 22. Bxe5 Rxd1+ 23. Kxd1 Nxe5 24. f4 Ng4 25. Be2 Nf2+ 26. Kd2 Nxe4+ 27. Ke3 Nxc3 28. Bf3 Nxa2 29. g4 Re6+ 30. Kd4 Nb4 31. c3 Nc6+ 32. Kd3 a5 33. Bd5 Rd6 34. Ke4 a4 35. g5 Rxd5 36. Kxd5 a3 0-1


[Site "https://www.chess.com"]

[Event "Titled Tuesday Blitz July 18 Late 2023"]
[White "Tarasova, Viktoriya"]
[Black "Goltsev, Dmitry"]
[WhiteFideId "4175840"]
[BlackFideId "24176710"]
[WhiteElo "2366"]
[BlackElo "2704"]
[Result "0-1"]
[Round "2"]
[TimeControl "180+2"]
[Date "2023.07.18"]
[WhiteClock "0:00:00"]
[BlackClock "0:01:01"]
[Board "99"]

1. d4 Nf6 2. c4 e6 3. Nc3 Bb4 4. e3 b6 5. Bd3 Bb7 6. Nf3 O-O 7. O-O Bxc3 8. bxc3 d6 9. Nd2 Nbd7 10. f4 e5 11. e4 a5 12. Qc2 Re8 13. fxe5 dxe5 14. d5 Nc5 15. Nb3 Nfd7 16. Be3 Qe7 17. Be2 Ba6 18. Rad1 Qd6 19. Nd2 f6 20. Nf3 Rf8 21. Nh4 g6 22. Bg4 Bxc4 23. Rf2 b5 24. Rf3 Rab8 25. Bh6 Rf7 26. Rg3 Kh8 27. Rh3 Rg8 28. Be3 Nf8 29. Bf3 Qe7 30. Qf2 Nd3 31. Qd2 Nf4 32. Bxf4 exf4 33. Qxf4 Qc5+ 34. Kh1 g5 35. Qf5 gxh4 36. Rxh4 Ng6 37. Rh3 Qd6 38. Bh5 Qe5 39. Qf3 Rfg7 0-1


[Site "https://www.chess.com"]

[Event "Titled Tuesday Blitz July 18 Late 2023"]
[White "Ganiev, Roman"]
[Black "KorolDimitriy75"]
[WhiteFideId "4131452"]
[WhiteElo "2604"]
[BlackElo "2419"]
[Result "1-0"]
[Round "2"]
[TimeControl "180+2"]
[Date "2023.07.18"]
[WhiteClock "0:00:32"]
[BlackClock "0:00:00"]
[Board "100"]

1. e4 c5 2. Nf3 d6 3. d4 cxd4 4. Nxd4 Nf6 5. Nc3 g6 6. Be2 Bg7 7. O-O O-O 8. Be3 Nc6 9. h3 Bd7 10. Qd2 Nxd4 11. Bxd4 Bc6 12. Bf3 Nd7 13. Bxg7 Kxg7 14. Rad1 a5 15. Qd4+ Kg8 16. Be2 Qb6 17. Qxb6 Nxb6 18. Rd4 Rfc8 19. f4 a4 20. a3 Ra5 21. Kf2 Rc5 22. Bd3 Kg7 23. Rb4 Nd7 24. Nxa4 Bxa4 25. Rxa4 f5 26. exf5 gxf5 27. Rb4 R8c7 28. Re1 Kf7 29. c3 Nf6 30. Kf3 h5 31. Rb5 e6 32. Rxc5 Rxc5 33. Bb1 Rb5 34. b4 Rb6 35. Ba2 d5 36. Bb3 Rc6 37. Rc1 Ne4 38. Ke3 Nxc3 39. Kd3 Nb5 40. Rxc6 bxc6 41. a4 1-0


[Site "https://www.chess.com"]

[Event "Titled Tuesday Blitz July 18 Late 2023"]
[White "Hajiyev, Kanan"]
[Black "kripri"]
[WhiteFideId "13404148"]
[WhiteElo "2568"]
[BlackElo "2320"]
[Result "0-1"]
[Round "2"]
[TimeControl "180+2"]
[Date "2023.07.18"]
[WhiteClock "0:00:56"]
[BlackClock "0:00:19"]
[Board "101"]

1. d4 d5 2. c4 c6 3. cxd5 cxd5 4. Nc3 Nf6 5. Nf3 Nc6 6. Bg5 e6 7. e3 Bd6 8. Bd3 O-O 9. a3 h6 10. Bh4 Bd7 11. g4 Be7 12. g5 hxg5 13. Bxg5 Ne8 14. h4 f6 15. Bf4 Bd6 16. Bxd6 Nxd6 17. Nd2 f5 18. Qh5 Qf6 19. Nf3 Ne4 20. Ng5 Qh6 21. Qf3 Nxg5 22. hxg5 Qxg5 23. O-O-O Nxd4 24. Qh3 Nb3+ 25. Kc2 Nc5 26. Rdg1 Qf6 27. Qh7+ Kf7 28. Rg6 Qxg6 29. Qh2 Nxd3 30. Kxd3 Rh8 31. Qc7 Rxh1 32. Qxd7+ Kg8 33. Qxb7 f4+ 34. Ke2 Rf8 35. Qxa7 f3+ 36. Kd2 Rf1 37. e4 dxe4 38. Qd4 Qg2 39. Nd1 Rxd1+ 40. Kxd1 Qf1+ 41. Kd2 Qe2+ 42. Kc3 Rc8+ 43. Kb3 Qd3+ 44. Qc3 Rxc3+ 0-1


[Site "https://www.chess.com"]

[Event "Titled Tuesday Blitz July 18 Late 2023"]
[White "Herbst, Richard"]
[Black "Dobrikov, Marco"]
[WhiteFideId "2041251"]
[BlackFideId "12950378"]
[WhiteElo "2324"]
[BlackElo "2568"]
[Result "0-1"]
[Round "2"]
[TimeControl "180+2"]
[Date "2023.07.18"]
[WhiteClock "0:00:00"]
[BlackClock "0:00:30"]
[Board "102"]

1. e4 c6 2. d4 d5 3. e5 Bf5 4. Nf3 e6 5. Be2 c5 6. c3 Nc6 7. O-O cxd4 8. cxd4 Rc8 9. Nc3 a6 10. Be3 Qb6 11. Na4 Qa5 12. a3 Nge7 13. b4 Qc7 14. Rc1 h6 15. h3 g5 16. Qd2 Ng6 17. Kh2 Be7 18. Ne1 Nf4 19. Bf3 Kf8 20. Nc5 Kg7 21. Rc3 f6 22. Bxf4 gxf4 23. Ncd3 fxe5 24. Nxe5 Bd6 25. N1d3 Bxd3 26. Nxd3 Qf7 27. Rfc1 Rce8 28. Nc5 Bxc5 29. Rxc5 Qf6 30. Rd1 Rhf8 31. b5 axb5 32. Rxb5 Re7 33. Qb2 Rff7 34. a4 Nb8 35. Bh5 Rf8 36. Rxb7 Nc6 37. Rc1 Nd8 38. Rxe7+ Qxe7 39. Qb6 Kh8 40. Rc7 Qf6 41. Bf3 Nf7 42. Bg4 Ng5 43. f3 Qg6 44. a5 h5 45. Bxh5 Qxh5 46. Qb7 Qg6 47. a6 Rg8 0-1


[Site "https://www.chess.com"]

[Event "Titled Tuesday Blitz July 18 Late 2023"]
[White "Cruz, William Ferreira Da"]
[Black "Altman, Joshua"]
[WhiteFideId "2118050"]
[BlackFideId "426210"]
[WhiteElo "2304"]
[BlackElo "2564"]
[Result "1-0"]
[Round "2"]
[TimeControl "180+2"]
[Date "2023.07.18"]
[WhiteClock "0:00:08"]
[BlackClock "0:00:05"]
[Board "103"]

1. d4 c5 2. d5 Nf6 3. c4 e6 4. Nc3 exd5 5. cxd5 d6 6. Nf3 g6 7. h3 Bg7 8. Bf4 a6 9. a4 O-O 10. e3 Re8 11. Nd2 Nbd7 12. Be2 Ne5 13. O-O Rb8 14. Bh2 b5 15. axb5 axb5 16. Bxb5 Bd7 17. Be2 c4 18. Bxe5 dxe5 19. Nxc4 Bf5 20. Qd2 Ne4 21. Nxe4 Bxe4 22. Rfd1 Qg5 23. f3 Bf5 24. e4 Qxd2 25. Rxd2 Bd7 26. Rc2 Bh6 27. Kf2 Rec8 28. Ra2 Bb5 29. b3 Bd7 30. Nxe5 Be8 31. Bc4 Bg7 32. Nd3 Bd4+ 33. Ke2 Bb5 34. Bxb5 Rxc2+ 35. Rxc2 Rxb5 36. Nc1 Be5 37. Ke3 g5 38. Nd3 Bd6 39. e5 Bb8 40. Ke4 Ba7 41. Rc8+ Kg7 42. Rc3 Bb6 43. d6 Ba5 44. Rc4 Rxb3 45. Nc5 Bd2 46. Nxb3 Bf4 47. d7 g4 48. d8=Q Bg5 49. Qxg5+ Kf8 50. Rc8# 1-0


[Site "https://www.chess.com"]